 Dungeon Crawl Stone Soup version 0.31-a0-198-g2ad674f65e (webtiles) character file.

Game seed: 5472249166550900245

60 qw the Shooter (level 3, -1/20 HPs)
             Began as a Deep Elf Hunter on June 25, 2023.
             Succumbed to a kobold's poison
             ... on level 2 of the Dungeon.
             The game lasted 00:00:21 (1104 turns).

qw the Shooter (Deep Elf Hunter)                    Turns: 1104, Time: 00:00:21

Health: -1/20      AC:  4    Str: 10    XL:     3   Next: 80%
Magic:  5/5        EV: 12    Int: 13    God:
Gold:   76         SH:  0    Dex: 18    Spells: 2/2 levels left

rFire   . . .        Y - +0 shortbow
rCold   . . .        (shield currently unavailable)
rNeg    . . .        c - +0 leather armour
rPois   .            (no helmet)
rElec   .            (no cloak)
rCorr   .            (no gloves)
SInv    .            h - +0 pair of boots
Will    .....        (no amulet)
Stlth   ++           (no ring)
HPRegen 0.23/turn    (no ring)
MPRegen 0.09/turn

%: no passive effects
@: lethally poisoned (-1 -> -9)
A: no striking features
a: no special abilities


You were on level 2 of the Dungeon.
You visited 1 branch of the dungeon, and saw 2 of its levels.

You collected 76 gold pieces.


   Skills:
 - Level 1.5 Fighting
 + Level 7.3 Ranged Weapons
 - Level 2.4 Dodging
 - Level 1.2 Stealth


You had 2 spell levels left.
You didn't know any spells.
Your spell library was empty.

Inventory:

Hand Weapons
 Y - a +0 shortbow (weapon)
Armour
 c - a +0 leather armour (worn)
 h - a +0 pair of boots (worn)
Jewellery
 e - a ring of fire
Scrolls
 a - 2 scrolls of identify
 b - a scroll of enchant armour {unknown}
Potions
 d - a potion of lignification {unknown}
 f - a potion of curing {unknown}
 g - 2 potions of brilliance {unknown}

Dungeon Overview and Level Annotations

Branches:
Dungeon (2/15)

Altars:


Message History

The arrow completely misses the kobold.
The jackal barks!
You hear an angry hiss.
The adder closely misses you.
You shoot an arrow. The arrow hits the adder.
You kill the adder!
You shoot an arrow.
The arrow hits the kobold but does no damage.
You shoot an arrow. The arrow closely misses the kobold.
The arrow hits the jackal but does no damage.
An adder comes into view.
The kobold hits you with a +2 dagger of venom.
You are poisoned.
The kobold closely misses you.
You shoot an arrow. The arrow hits the kobold.
The kobold is moderately wounded.
You feel sick. The kobold closely misses you.
You shoot an arrow. The arrow hits the kobold.
The kobold is severely wounded.
You feel sick. The kobold closely misses you.
You shoot an arrow.
The arrow hits the kobold but does no damage.
The kobold is severely wounded.
You feel sick. The kobold hits you but does no damage.
You are more poisoned.
You shoot an arrow. The arrow barely misses the kobold.
The arrow closely misses the jackal.
The arrow barely misses the adder.
You feel sick.
The kobold hits you with a +2 dagger of venom.
You are more poisoned.
A jackal comes into view.
You shoot an arrow. The jackal barks!
The arrow hits the kobold.
You kill the kobold!
You feel very sick. The jackal barely misses you.
You shoot an arrow.
The arrow hits the jackal but does no damage.
You die...

... ... .h. #.# #.# .##
#S# ..# ##h## #.#
##.@.## #.# #.#.....##
### #.# #........##
##.###.#
#.........####...##.##
...........'...........
###.........####...##.##
##.......## ##.###.#
##.....## ####..#
##...## #.##


You could see an adder and 2 jackals.

Vanquished Creatures
  A gnoll (D:1)
  2 adders (D:2)
  A dart slug (D:1)
  2 endoplasms (D:1)
  4 giant cockroaches
  2 goblins
  3 jackals (D:1)
  5 kobolds
  2 quokkas (D:1)
  3 ball pythons (D:1)
  2 bats (D:1)
  3 rats
30 creatures vanquished.

Notes
Turn   | Place    | Note
-------+----------+-------------------------------------------
     0 | D:1      | qw the Deep Elf Hunter began the quest for the Orb.
     0 | D:1      | Reached XP level 1. HP: 12/12 MP: 3/3
     0 | D:1      | 0 ||| qw: Version: 0.3-a-22-g0ed2b0b
     0 | D:1      | 0 ||| qw: Game counter: 5291
     0 | D:1      | 0 ||| qw: Melee chars always use a shield: true
     0 | D:1      | 0 ||| qw: God list: Okawaru
     0 | D:1      | 0 ||| qw: Allow faded altars: false
     0 | D:1      | 0 ||| qw: Do Orc after clearing Dungeon:15 true
     0 | D:1      | 0 ||| qw: Do second Lair branch before Depths: true
     0 | D:1      | 0 ||| qw: Lair rune preference: random
     0 | D:1      | 0 ||| qw: Goals: Normal
     0 | D:1      | 0 ||| PLANNING D:1-11
   145 | D:1      | Reached XP level 2. HP: 16/16 MP: 4/4
   155 | D:1      | Reached skill level 6 in Ranged Weapons
   580 | D:1      | Reached XP level 3. HP: 20/20 MP: 5/5
   868 | D:1      | 868 ||| UPGRADING to +0 pair of boots.
   873 | D:1      | 873 ||| READING 2 scrolls labelled BUMUZA REVA.
   874 | D:1      | 874 ||| READING scroll labelled AHIROI YFEPIA.
   878 | D:1      | 878 ||| DROPPING scroll of butterflies.
   975 | D:2      | Reached skill level 7 in Ranged Weapons
  1102 | D:2      | HP: 5/20 [kobold/+2 dagger of venom (3)]
  1103 | D:2      | HP: 1/20 [poisoned by a kobold]
  1104 | D:2      | Succumbed to a kobold's poison

Levels and vault maps discovered:
D:1:      psy_arrival_terrarium, layout_loops_corners
D:2:      layout_loops_corners

Skill      XL: |  1  2  3 |
---------------+----------+-----
Ranged Weapons | 6 7 |  7.3
Fighting       | |  1.5
Dodging        | |  2.4
Stealth        | |  1.2

Action                     || total
---------------------------++-------
   Fire: Shortbow          ||    83
    Use: Scroll            ||     2
 Armour: Leather armour    ||     7
  Dodge: Dodged            ||    19

Table legend:
 A = Non-vault XP
 B = Vault XP
 C = Vault XP percentage of total XP
 D = Non-vault monster count
 E = Vault monster count
 F = Vault count percentage of total count
                 A         B        C        D         E       F
            +---------+---------+-------+---------+---------+-------
      Total |      86 |       0 |   0.0 |      30 |       0 |   0.0
            +---------+---------+-------+---------+---------+-------
        D:1 |      55 |       0 |   0.0 |      24 |       0 |   0.0
        D:2 |      31 |       0 |   0.0 |       6 |       0 |   0.0
            +---------+---------+-------+---------+---------+-------
